 Dungeon Crawl Stone Soup version 0.23.1 (webtiles) character file.

Game seed: 14951312772647774860

53 Irenicus the Sneak (level 3, -1/32 HPs)
             Began as a Deep Dwarf Assassin on Mar 11, 2019.
             Slain by a gnoll (2 damage)
             ... on level 2 of the Dungeon.
             The game lasted 00:04:51 (713 turns).

Irenicus the Sneak (Deep Dwarf Assassin)             Turns: 713, Time: 00:04:52

Health: -1/32      AC:  3    Str: 14    XL:     3   Next: 62%
Magic:  3/3        EV: 12    Int: 11    God:
Gold:   90         SH:  0    Dex: 15    Spells: 2/2 levels left

rFire    . . .     SeeInvis .   a - +2 dagger
rCold    . . .     Gourm    .   (no shield)
rNeg     . . .     Faith    .   c - +0 robe
rPois    .         Spirit   .   (no helmet)
rElec    .         Reflect  .   d - +0 cloak
rCorr    .         Harm     .   (no gloves)
MR       .....                  (no boots)
Stlth    +++.......             (no amulet)
HPRegen  0.00/turn              (no ring)
MPRegen  0.08/turn              (no ring)

@: non-regenerating
A: damage resistance, heal wounds, sense surroundings 1, no regeneration
a: Heal Wounds


You were on level 2 of the Dungeon.
You were not hungry.

You visited 1 branch of the dungeon, and saw 2 of its levels.

You collected 90 gold pieces.

Inventory:

Hand Weapons
 a - a +2 dagger (weapon)
 b - a +0 blowgun
Missiles
 e - 8 poisoned needles
 f - 2 curare-tipped needles
Armour
 c - a +0 robe (worn)
 d - a +0 cloak (worn)
Scrolls
 i - 2 scrolls of remove curse {unknown}
 k - a scroll of amnesia {unknown}
Comestibles
 g - 2 rations
 j - 3 chunks of flesh {@w0}


   Skills:
 - Level 1.7 Fighting
 - Level 2.0 Short Blades
 - Level 1.7 Throwing
 - Level 1.1 Dodging
 + Level 6.6 Stealth


You had 2 spell levels left.
You didn't know any spells.
Your spell library was empty.

Dungeon Overview and Level Annotations

Branches:
Dungeon (2/15)

Altars:


Innate Abilities, Weirdness & Mutations

You are resistant to damage.
You can heal yourself by infusing magical energy.
You passively map a small area around you.
You do not regenerate.


Message History

The hobgoblin hits you with a +0 club.
* * * LOW HITPOINT WARNING * * *
You take 3 damage, and have 7/26 hp.
You hit the adder. The adder barely misses you.
The hobgoblin hits you with a +0 club.
* * * LOW HITPOINT WARNING * * *
The adder bites you but does no damage.
You take 3 damage, and have 4/26 hp.
It was a potion of haste.
You feel yourself speed up. The adder bites you but does no damage.
You hit the adder.
You kill the adder!
You have reached level 3!
Your experience leads to an increase in your attributes!
Increase (S)trength, (I)ntelligence, or (D)exterity?
You feel agile. The hobgoblin barely misses you.
MP restored: 3 You hit the hobgoblin.
The hobgoblin hits you with a +0 club.
You hit the hobgoblin.
You kill the hobgoblin!
Things that are here:
a +0 club; a hobgoblin corpse You butcher the hobgoblin corpse.
j - 3 chunks of flesh {@w0}
Things that are here:
a +0 club; a hobgoblin skeleton
Okay, then.
A kobold comes into view.
A leopard gecko comes into view.
The helpless kobold fails to defend itself.
You impale the kobold!!
You kill the kobold!
A rat comes into view.
You see here a kobold corpse.
A dart slug comes into view.
The dart slug moves out of view.
The leopard gecko hisses angrily.
You hit the leopard gecko.
The leopard gecko completely misses you.
You miss the leopard gecko. The leopard gecko closely misses you.
You hit the leopard gecko.
You kill the leopard gecko!
You are no longer poisoned.
Found an escape hatch in the floor.
You completely miss the dart slug. The dart slug barely misses you.
You hit the dart slug. You hit the dart slug. The dart slug closely misses you.
You hit the dart slug. You hit the dart slug. You hit the dart slug.
You kill the dart slug!
You see here a dart slug corpse.
Your extra speed is starting to run out.
Found a stone staircase leading down.
You feel yourself slow down.
You open the door.
There is an open door here.
You now have 90 gold pieces (gained 10).
A ball python comes into view.
The ball python barely misses you. The ball python grabs you.
The ball python constricts you.
You hit the ball python.
You kill the ball python!
Found an escape hatch in the ceiling. 2 gnolls come into view.
The gnoll shouts! x2; You hear a shout!
A gnoll comes into view.
It was a potion of cancellation.
You feel magically purged.
You feel much better.
You regained 22 hp, and now have 27/32 hp.
You hit the gnoll. The gnoll hits you!
You take 7 damage, and have 20/32 hp.
MASSIVE DAMAGE!!
You hit the gnoll. The gnoll hits you.
You take 2 damage, and have 18/32 hp.
You completely miss the gnoll. The gnoll barely misses you.
You hit the gnoll but do no damage.
The gnoll hits you from afar with a +0 spear.
The gnoll barely misses you.
You take 3 damage, and have 15/32 hp.
You hit the gnoll but do no damage. You closely miss the gnoll.
The gnoll barely misses you.
You hit the gnoll.
You kill the gnoll!
You barely miss the gnoll. The gnoll barely misses you.
You hit the gnoll. You hit the gnoll but do no damage.
The gnoll barely misses you.
You completely miss the gnoll. The gnoll hits you!
* * * LOW HITPOINT WARNING * * *
You take 6 damage, and have 9/32 hp.
You hit the gnoll. The gnoll hits you.
* * * LOW HITPOINT WARNING * * *
You take 2 damage, and have 7/32 hp.
You hit the gnoll. The gnoll closely misses you.
You hit the gnoll but do no damage. The gnoll hits you!
* * * LOW HITPOINT WARNING * * *
You take 6 damage, and have 1/32 hp.
You hit the gnoll. The gnoll hits you.
You die...

#...<..###############
#..#..................
#......#...#...#...#..
#..#..................
#...g..#...#...#(..#..
#..#..ggg.............,
#..#.#################
##.#...g.g........ *
#.##..#@#..... * * *
####..#.#, ... , ,
#..#.# .* * , ##.#.., ,
, ..... , , ** ,......
, #.###. ** .. * * ,


You could see 2 gnolls.

Vanquished Creatures
  A gnoll (D:2)
  An adder (D:2)
  2 worms (D:2)
  2 dart slugs
  A leopard gecko (D:2)
  A giant cockroach (D:1)
  3 goblins (D:1)
  3 hobgoblins
  4 kobolds
  A ball python (D:2)
  3 bats
  A frilled lizard (D:2)
  3 rats
26 creatures vanquished.

Notes
Turn   | Place    | Note
-------+----------+-------------------------------------------
     0 | D:1      | Irenicus the Deep Dwarf Assassin began the quest for the
                  | Orb.
     0 | D:1      | Reached XP level 1. HP: 19/19 MP: 1/1
     2 | D:1      | Noticed a demonspawn
     2 | D:1      | Noticed a draconian
     4 | D:1      | Noticed a centaur
     6 | D:1      | Noticed a formicid
     8 | D:1      | Noticed a gargoyle
    10 | D:1      | Noticed an octopode
    12 | D:1      | Noticed a spriggan
    12 | D:1      | Noticed a merfolk
    14 | D:1      | Noticed a felid
    14 | D:1      | Noticed a tengu
    16 | D:1      | Noticed a troll
    16 | D:1      | Noticed a ghoul
    18 | D:1      | Noticed a halfling
    18 | D:1      | Noticed a naga
    20 | D:1      | Noticed a vampire
    20 | D:1      | Noticed a demigod
    22 | D:1      | Noticed a vine stalker
    22 | D:1      | Noticed an elf
    24 | D:1      | Noticed a human
    24 | D:1      | Noticed an ogre
    26 | D:1      | Noticed a dwarf
    26 | D:1      | Noticed a minotaur
    52 | D:1      | Reached skill level 2 in Short Blades
    52 | D:1      | Reached skill level 5 in Stealth
   164 | D:1      | Reached XP level 2. HP: 24/26 MP: 2/2
   540 | D:2      | Reached skill level 6 in Stealth
   560 | D:2      | HP: 4/26 [hobgoblin/+0 club (3)]
   562 | D:2      | Reached XP level 3. HP: 5/32 MP: 3/3
   710 | D:2      | HP: 7/32 [gnoll (2)]
   712 | D:2      | HP: 1/32 [gnoll (6)]
   713 | D:2      | Slain by a gnoll

Skill      XL: |  1  2 |
---------------+-------+-----
Short Blades   | 2 |  2.0
Stealth        | 5 6 |  6.6
Fighting       | |  1.7
Throwing       | |  1.7
Dodging        | |  1.1

Action                   || total
-------------------------++-------
Melee: Dagger            ||    84
 Abil: Heal Wounds       ||     1
  Use: Scroll            ||     1
       Potion            ||     2
 Stab: Sleeping          ||     9
Armor: Robe              ||    10
Dodge: Dodged            ||    43

Levels and vault maps discovered:
D:1:      kb_arrival_jail, layout_basic
D:2:      layout_basic, lemuel_coloured_pillars_altar, grunt_ministairs_11

Table legend:
 A = Turns spent in this place as a percentage of turns spent in the entire game.
 B = Non-inter-level travel turns spent in this place as a percentage of non-inter-level travel turns spent in the entire game.
 C = Inter-level travel turns spent in this place as a percentage of turns spent in this place.
 D = Turns resting spent in this place as a percentage of non-inter-level travel turns spent in this place.
 E = Turns spent auto-exploring this place as a percentage of non-inter-level travel turns spent in this place.
 F = Non-inter-level travel turns spent in this place divided by the number of levels of this place that you've seen.
                   A       B       C       D       E      F
               +-------+-------+-------+-------+-------+----------------------
         Total | 100.0 | 100.0 |   0.0 |   0.0 |   0.0 | 356.5
       Dungeon | 100.0 | 100.0 |   0.0 |   0.0 |   0.0 | 356.5
               +-------+-------+-------+-------+-------+----------------------

Table legend:
 A = Kills in this place as a percentage of kills in entire the game.
 B = Kills by you in this place as a percentage of kills by you in the entire game.
 C = Kills by friends in this place as a percentage of kills by friends in the entire game.
 D = Other kills in this place as a percentage of other kills in the entire game.
 E = Experience gained in this place as a percentage of experience gained in the entire game.
 F = Experience gained in this place divided by the number of levels of this place that you have seen.
                   A       B       C       D       E      F
               +-------+-------+-------+-------+-------+----------------------
         Total | 100.0 | 100.0 |   N/A |   N/A | 100.0 |  38.0
       Dungeon | 100.0 | 100.0 |   N/A |   N/A | 100.0 |  38.0
               +-------+-------+-------+-------+-------+----------------------
